 Dungeon Crawl Stone Soup version 0.22-a0-558-gc224181 (webtiles) character file.

724 pmoppi the Cudgeler (level 7, -3/44 HPs)
             Began as a Tengu Fighter on June 27, 2018.
             Was a Follower of Okawaru.
             Killed by divine providence
             ... invoked by an orc priest
              (10 damage)
             ... on level 5 of the Dungeon.
             The game lasted 00:07:02 (3910 turns).

pmoppi the Cudgeler (Tengu Fighter)                 Turns: 3910, Time: 00:07:02

Health: -3/44      AC:  9    Str: 19    XL:     7   Next: 71%
Magic:  0/8        EV:  5    Int:  8    God:    Okawaru [*.....]
Gold:   209        SH:  9    Dex: 13    Spells: 6/6 levels left

rFire    . . .     SeeInvis .   a - +0 flail
rCold    . . .     Gourm    .   c - +0 shield
rNeg     . . .     Faith    .   m - +0 chain mail
rPois    .         Spirit   +   (helmet restricted)
rElec    .         Reflect  .   q - scarf {Spirit}
rCorr    .         Harm     .   (no gloves)
MR       .....                  (boots unavailable)
Stlth    ..........             (no amulet)
HPRegen  0.14/turn              (no ring)
MPRegen  0.11/turn              (no ring)

@: no status effects
A: beak, talons 3, able to fly 1
a: Fly, Heroism, Renounce Religion


You were on level 5 of the Dungeon.
You worshipped Okawaru.
Okawaru was aware of your devotion.
You were not hungry.

You visited 2 branches of the dungeon, and saw 6 of its levels.

You collected 209 gold pieces.

Inventory:

Hand Weapons
 a - a +0 flail (weapon)
Armour
 c - a +0 shield (worn)
 m - a +0 chain mail (worn)
 q - a scarf of spirit shield (worn)
Jewellery
 g - a +3 ring of evasion {unknown}
 h - an uncursed ring of protection from cold {unknown}
 j - a cursed amulet of magic regeneration {unknown}
 r - a cursed ring of see invisible {unknown}
 t - a +2 amulet of reflection {unknown}
 v - an uncursed ring of fire {unknown}
 y - an uncursed amulet of harm {unknown}
Scrolls
 e - a scroll of enchant weapon {unknown}
 k - 3 scrolls of teleportation {unknown}
 l - a scroll of fog {unknown}
 o - 4 scrolls of identify {unknown}
 p - 4 scrolls of blinking {unknown}
 s - 2 scrolls of magic mapping {unknown}
 w - a scroll of enchant armour {unknown}
 x - a scroll of remove curse {unknown}
Potions
 b - a potion of brilliance {unknown}
 d - 4 potions of might
 i - 4 potions of haste {unknown}
 n - a potion of berserk rage {unknown}
 u - a potion of curing {unknown}
Comestibles
 f - 6 rations
 z - 17 chunks of flesh


   Skills:
 + Level 5.6 Fighting
 * Level 7.7 Maces & Flails
 - Level 3.2 Armour
 - Level 3.0 Shields


You had 6 spell levels left.
You didn't know any spells.
Your spell library was empty.

Dungeon Overview and Level Annotations

Branches:
Dungeon (5/15)             Temple (1/1) D:4

Altars:
Ashenzari
Cheibriados
Dithmenos
Elyvilon
Fedhas
Gozag
Hepliaklqana
Kikubaaqudgha
Makhleb
Nemelex Xobeh
Okawaru
Qazlal
Ru
Sif Muna
Trog
Uskayaw
Vehumet
Wu Jian
Xom
Yredelemnul
Zin
The Shining One


Innate Abilities, Weirdness & Mutations

You have a beak for a mouth.
You have claws for feet.
You can fly.


Message History

You sock the orc wizard!
You kill the orc wizard!
Okawaru accepts your kill. You block the shadow imp's attack.
You barely miss the shadow imp. You claw the shadow imp.
You peck the shadow imp.
The shadow imp is heavily wounded.
The shadow imp hits you but does no damage.
You hit the shadow imp.
You kill the shadow imp!
Okawaru accepts your kill.
You closely miss the orc priest. You claw the orc priest!
The orc priest is heavily wounded.
The orc priest calls down the wrath of Beogh upon you.
Pain shoots through your body!
* * * LOW HITPOINT WARNING * * *
There is an open door here.
The orc priest invokes the aid of Beogh against you.
Beogh smites you!
You die...

..................
..................
..<...............
##.####'##..####.#
# ##.##..# .#
#.)....# #......#
. #......# ..
#...@..# ...
####'### #..c
###+####O..# #..o.
#......#oo.#
#.....#...()o)(..#
#.....'(.#########
#.....#..# #....
#### ##..


You could see an ogre, an orc priest and an orc.

Vanquished Creatures
  2 ogres (D:5)
  A centaur (D:5)
  A bullfrog zombie (D:5)
  An orc priest (D:3)
  A hound (D:4)
  6 orc wizards
  Jessica (D:2)
  An iguana (D:4)
  A worker ant (D:4)
  4 adders
  2 shadow imps (D:5)
  An adder zombie (D:5)
  A worm (D:4)
  2 dart slugs
  A leopard gecko (D:3)
  17 orcs
  7 bats
  4 giant cockroaches
  8 goblins
  4 hobgoblins
  2 jackals (D:5)
  A quokka (D:3)
  A ball python (D:3)
  A ball python skeleton (D:4)
  5 frilled lizards
  3 kobolds
  A leopard gecko skeleton (D:5)
  11 rats
91 creatures vanquished.

Notes
Turn   | Place    | Note
-------+----------+-------------------------------------------
     0 | D:1      | pmoppi the Tengu Fighter began the quest for the Orb.
     0 | D:1      | Reached XP level 1. HP: 14/14 MP: 2/2
   207 | D:1      | Reached XP level 2. HP: 19/19 MP: 3/3
   718 | D:2      | Noticed Jessica
   721 | D:2      | Reached skill level 3 in Maces & Flails
   738 | D:2      | Killed Jessica
   738 | D:2      | Reached XP level 3. HP: 9/23 MP: 4/4
  1107 | D:2      | Reached XP level 4. HP: 29/29 MP: 5/5
  1108 | D:2      | Reached skill level 4 in Maces & Flails
  1875 | D:3      | Gained mutation: You can fly. [Tengu growth]
  1875 | D:3      | Reached XP level 5. HP: 20/33 MP: 4/6
  1877 | D:3      | Reached skill level 5 in Maces & Flails
  2612 | D:4      | Found a snail-covered altar of Cheibriados.
  2653 | D:4      | Reached XP level 6. HP: 29/39 MP: 4/7
  2751 | D:4      | Found a staircase to the Ecumenical Temple.
  2901 | Temple   | Entered the Ecumenical Temple
  3153 | Temple   | Became a worshipper of Warmaster Okawaru
  3306 | D:4      | Reached skill level 6 in Maces & Flails
  3550 | D:5      | Entered Level 5 of the Dungeon
  3763 | D:5      | Reached skill level 5 in Fighting
  3766 | D:5      | Reached XP level 7. HP: 42/44 MP: 8/8
  3835 | D:5      | Reached * piety under Okawaru
  3835 | D:5      | Reached skill level 7 in Maces & Flails
  3910 | D:5      | Killed from afar by an orc priest

Vault maps used:
D:1:      onia_arrival_pyramid, kennysheep_decorative_pillar
D:2:      minmay_misc_feat_enclosed, uniq_jessica
D:4:      lemuel_crystal_altar, minmay_temple_entry_purple_smoke
D:5:      first_ration, uniq_crazy_yiuf_cottage, uniq_edmund,
          uniq_prince_ribbit1
Temple:   nicolae_temple_the_god_donut

Skill      XL: |  1  2  3  4  5  6  7 |
---------------+----------------------+-----
Maces & Flails | 3 4 5 6 7 |  7.7
Fighting       | 4 5 |  5.6
Armour         | |  3.2
Shields        | |  3.0

Action                   |  1- 3 |  4- 6 |  7- 9 || total
-------------------------+-------+-------+-------++-------
Melee: Flail             |    54 |   154 |    31 ||   239
       Peck              |     8 |    23 |     6 ||    37
       Kick              |    10 |    50 |    16 ||    76
  Eat: Chunk             |     1 |     7 |     2 ||    10
Armor: Scale mail        |     5 |       |       ||     5
       Chain mail        |    30 |    72 |    14 ||   116
Dodge: Dodged            |    12 |    22 |     6 ||    40
Block: Shield            |    26 |    54 |    13 ||    93

Table legend:
 A = Spawn XP
 B = Non-spawn XP
 C = Spawn XP percentage of total XP
 D = Spawn monster count
 E = Non-spawn monster count
 F = Spawn count percentage of total count
 G = Total turns spent on level
                    A         B        C        D         E        F      G
               +---------+---------+-------+---------+---------+-------+---------
         Total |       0 |    1035 |   0.0 |       0 |      91 |   0.0 |  3910
               +---------+---------+-------+---------+---------+-------+---------
           D:1 |       0 |      18 |   0.0 |       0 |      10 |   0.0 |   731
           D:2 |       0 |      90 |   0.0 |       0 |      23 |   0.0 |   860
           D:3 |       0 |     135 |   0.0 |       0 |      24 |   0.0 |  1017
           D:4 |       0 |     258 |   0.0 |       0 |      15 |   0.0 |   667
           D:5 |       0 |     534 |   0.0 |       0 |      19 |   0.0 |   360
               +---------+---------+-------+---------+---------+-------+---------
